 Dungeon Crawl Stone Soup version 0.26-a0-264-g3a471323bd (webtiles) character file.

Game seed: 15640054530835522405

78 BritishOli the Skirmisher (level 4, -3/36 HPs)
             Began as a Demonspawn Fighter on July 11, 2020.
             Killed by divine providence
             ... invoked by an orc priest
              (15 damage)
             ... on level 3 of the Dungeon.
             The game lasted 00:01:30 (2411 turns).

BritishOli the Skirmisher (Demonspawn Fighter)      Turns: 2411, Time: 00:01:31

Health: -3/36      AC:  8    Str: 18    XL:     4   Next: 15%
Magic:  4/4        EV:  7    Int:  9    God:
Gold:   139        SH:  9    Dex: 12    Spells: 3/3 levels left

rFire    . . .     SeeInvis .   a - +0 long sword
rCold    . . .     Faith    .   c - +0 kite shield
rNeg     . . .     Spirit   .   b - +0 scale mail
rPois    .         Reflect  .   (helmet restricted)
rElec    .         Harm     .   (no cloak)
rCorr    .                      (no gloves)
MR       .....                  (no boots)
Stlth    ..........             (no amulet)
HPRegen  0.12/turn              (no ring)
MPRegen  0.09/turn              (no ring)

@: no status effects
A: antennae 1, molten scales 1
a: no special abilities


You were on level 3 of the Dungeon.
You were not hungry.

You visited 1 branch of the dungeon, and saw 3 of its levels.

You collected 139 gold pieces.

Inventory:

Hand Weapons
 a - a +0 long sword (weapon)
Missiles
 k - 2 javelins (quivered)
Armour
 b - a +0 scale mail (worn)
 c - a +0 kite shield (worn)
Jewellery
 o - a cursed -4 ring of intelligence {unknown}
Scrolls
 e - 2 scrolls of teleportation {unknown}
 g - 2 scrolls of identify {unknown}
 l - a scroll of immolation {unknown}
 n - a scroll of enchant armour {unknown}
 p - 2 scrolls of remove curse {unknown}
Potions
 d - a potion of might
 h - 2 potions of berserk rage {unknown}
 i - a potion of brilliance {unknown}
 j - a potion of flight {unknown}
 m - a potion of stabbing {unknown}
 q - a potion of ambrosia {unknown}
Comestibles
 f - 2 rations


   Skills:
 + Level 3.6 Fighting
 + Level 2.5 Long Blades
 + Level 3.2 Armour
 + Level 3.2 Shields


You had 3 spell levels left.
You didn't know any spells.
Your spell library was empty.

Dungeon Overview and Level Annotations

Branches:
Dungeon (3/15)

Altars:


Innate Abilities, Weirdness & Mutations

You have a pair of small antennae on your head.
You are partially covered in molten scales. (AC +2)


Message History

The orc priest mumbles some strange prayers to Beogh against you.
Pain shoots through your body!
The orc wizard casts a cantrip, but nothing happens.
There are monsters nearby!
An orc comes into view. It is wielding a +0 morningstar.
Found 13 gold pieces.
There are monsters nearby!
The orc shouts!
You slash the orc wizard!
The orc wizard is heavily wounded.
The orc wizard hits you but does no damage.
An orc comes into view.
The orc wizard miscasts a cantrip.
The orc priest mumbles some strange prayers to Beogh against you.
Beogh smites you!
Things that are here:
a +0 ring mail; an orc corpse The orc priest calls down the wrath of Beogh upon you.
Beogh smites you!
You die...

### ..# ####.#
# ..#.# .$
#.#.###.#.#
####.#....>..#
#..o.oo..#
####@#..o...#
#....#......#
#....########
#...<# #^...#
#....# ######


You could see an orc priest, an orc wizard and an orc.

Vanquished Creatures
  An adder (D:2)
  2 worms (D:2)
  3 dart slugs
  2 leopard geckos (D:1)
  An orc (D:3)
  4 giant cockroaches
  3 goblins
  6 hobgoblins
  7 jackals
  6 kobolds
  A quokka (D:3)
  4 bats
  3 frilled lizards
  6 rats
49 creatures vanquished.

Notes
Turn   | Place    | Note
-------+----------+-------------------------------------------
     0 | D:1      | BritishOli the Demonspawn Fighter began the quest for the
                  | Orb.
     0 | D:1      | Reached XP level 1. HP: 18/18 MP: 1/1
   290 | D:1      | Gained mutation: You have a pair of small antennae on your
                  | head. [demonic ancestry]
   290 | D:1      | Reached XP level 2. HP: 24/24 MP: 2/2
   685 | D:1      | Reached XP level 3. HP: 23/29 MP: 3/3
  1833 | D:2      | Found a faded altar of an unknown god.
  1979 | D:2      | Gained mutation: You are partially covered in molten
                  | scales. (AC +2) [demonic ancestry]
  1979 | D:2      | Reached XP level 4. HP: 32/35 MP: 4/4
  2411 | D:3      | Killed from afar by an orc priest

Illustrated notes

Levels and vault maps discovered:
D:1:      roderic_crossed_star, layout_loops_ring
D:2:      layout_basic, chequers_ecumenical_altar_simple_redux, serial_glass,
          glass_columns_a, glass_columns_a, glass_columns_b, glass_columns_a
D:3:      layout_basic, uniq_grinder, uniq_terence

Skill      XL: |  1  2 |
---------------+-------+-----
Long Blades    | 2 |  2.5
Shields        | 3 |  3.2
Armour         | 3 |  3.2
Fighting       | |  3.6

Action                   |  1- 3 |  4- 6 || total
-------------------------+-------+-------++-------
Melee: Long sword        |   179 |    21 ||   200
  Eat: Ration            |     1 |     1 ||     2
Armor: Scale mail        |    89 |    11 ||   100
Dodge: Dodged            |    52 |     4 ||    56
Block: Kite shield       |   102 |    12 ||   114
       Rpst.: Long sword |    18 |     1 ||    19

Table legend:
 A = Non-vault XP
 B = Vault XP
 C = Vault XP percentage of total XP
 D = Non-vault monster count
 E = Vault monster count
 F = Vault count percentage of total count
                 A         B        C        D         E       F
            +---------+---------+-------+---------+---------+-------
      Total |     112 |       0 |   0.0 |      49 |       0 |   0.0
            +---------+---------+-------+---------+---------+-------
        D:1 |      46 |       0 |   0.0 |      23 |       0 |   0.0
        D:2 |      60 |       0 |   0.0 |      23 |       0 |   0.0
        D:3 |       6 |       0 |   0.0 |       3 |       0 |   0.0
            +---------+---------+-------+---------+---------+-------
